 Dungeon Crawl Stone Soup version 0.31.0-11-ge490571c62 (webtiles) character file.

Game seed: 11036346352234094302

9 browni3141 the Conjurer (level 2, 19/19 HPs)
             Began as a Demonspawn Conjurer on Jan 30, 2024.
             Got out of the dungeon alive.
             The game lasted 00:00:12 (301 turns).

browni3141 the Conjurer (Demonspawn Conjurer)        Turns: 301, Time: 00:00:12

Health: 19/19      AC:  2    Str:  7    XL:     2   Next: 6%
Magic:  5/5        EV: 12    Int: 18    God:
Gold:   31         SH:  0    Dex: 11    Spells: 4/5 levels left

rFire   . . .        (no weapon)
rCold   . . .        (no shield)
rNeg    . . .        a - +0 robe
rPois   .            (no helmet)
rElec   .            (no cloak)
rCorr   .            (no gloves)
SInv    .            (no boots)
Will    .....        (no amulet)
Stlth   ++           (no ring)
HPRegen 0.23/turn    (no ring)
MPRegen 0.09/turn

%: no passive effects
@: no status effects
A: hooves 1
a: no special abilities


You escaped.
You visited 1 branch of the dungeon, and saw 1 of its levels.

You collected 31 gold pieces.

Inventory:

Armour
 a - a +0 robe (worn)
Jewellery
 d - a ring of magical power
Scrolls
 c - 2 scrolls of identify {unknown}
 e - 3 scrolls of enchant armour {unknown}
Potions
 b - a potion of magic


   Skills:
 + Level 2.0 Dodging
 + Level 2.0 Stealth
 + Level 2.2 Spellcasting
 + Level 4.1 Conjurations


You had 4 spell levels left.
You knew the following spells:

 Your Spells              Type           Power      Damage    Failure   Level
a - Magic Dart            Conj           64%        1d6       3%          1

Your spell library contained the following spells:

 Spells                   Type           Power      Damage    Failure   Level
 Searing Ray              Conj           32%        2d5       4%          2
 Fulminant Prism          Conj/Alch      4%         3d5       58%         4
 Iskenderun's Mystic Bla  Conj/Tloc      9%         2d4       58%         4


Dungeon Overview and Level Annotations

Branches:
Dungeon (1/15)

Altars:

Shops:
D:1 (


Innate Abilities, Weirdness & Mutations

You have large cloven feet.


Message History

Welcome, browni3141 the Demonspawn Conjurer.
Everyone else who sought the Orb of Zot has failed.
Will you be different?
Press ? for a list of commands and other information.
Found a scroll labelled AMALIW ESCHAIL.
Found an escape hatch in the floor.
Found a staircase leading out of the dungeon.
Setting a skill training target for Axes at 18.0.
Setting a skill training target for Invocations at 14.0.
Setting a skill training target for Throwing at 11.0.
c - a scroll labelled AMALIW ESCHAIL You now have 4 gold pieces.
A ball python comes into view.
A ball python is nearby!
The magic dart hits the ball python.
You kill the ball python!
You can't see any susceptible monsters within range! (Use Z to cast anyway.)
You can't see any susceptible monsters within range! (Use Z to cast anyway.) Magic restored.
Found Niraese's Weapon Shoppe.
There is an entrance to Niraese's Weapon Shoppe here.
A ball python comes into view.
You see here 12 gold pieces.
A ball python is nearby!
A ball python is nearby!
The magic dart hits the ball python.
You kill the ball python!
You can't see any susceptible monsters within range! (Use Z to cast anyway.)
You can't see any susceptible monsters within range! (Use Z to cast anyway.)
You now have 16 gold pieces (gained 12).
Found a stone staircase leading down.
A rat and an endoplasm come into view.
The rat squeaks loudly.
The endoplasm quivers.
The magic dart hits the endoplasm.
You kill the endoplasm!
The magic dart hits the rat.
You kill the rat!
c - 2 scrolls labelled AMALIW ESCHAIL (gained 1)
You now have 31 gold pieces (gained 15).
An endoplasm and a hobgoblin come into view.
Found a shiny bone ring.
Found a stone staircase leading down.
The hobgoblin shouts!
The endoplasm quivers.
There are monsters nearby!
The magic dart hits the hobgoblin.
The hobgoblin is severely wounded.
The magic dart hits the hobgoblin.
You kill the hobgoblin!
The magic dart hits the endoplasm.
The endoplasm is severely wounded.
You are out of magic!
You see here a hobgoblin corpse.
You barely miss the endoplasm.
The endoplasm is severely wounded.
The endoplasm hits you but does no damage.
You hit the endoplasm but do no damage.
The endoplasm is heavily wounded.
The endoplasm hits you but does no damage.
You hit the endoplasm.
The endoplasm is severely wounded.
The endoplasm closely misses you.
You hit the endoplasm.
You kill the endoplasm!
Your Stealth skill increases to level 2!
d - a ring of magical power You see here a hobgoblin corpse.
e - 3 scrolls labelled DOUXIA FYEWKU
Found a stone staircase leading down.
An endoplasm comes into view.
An endoplasm is nearby!
The magic dart hits the endoplasm.
The endoplasm is almost dead.
The magic dart hits the endoplasm.
You kill the endoplasm!
Your Dodging skill increases to level 2!
You have reached level 2!
You feel monstrous as your demonic heritage exerts itself.
Your demonic ancestry asserts itself...
Your feet thicken and deform.
An endoplasm comes into view.
You can't go up here!
An endoplasm is nearby!
The magic dart hits the endoplasm.
The endoplasm is almost dead.
The endoplasm quivers.
The magic dart hits the endoplasm.
You kill the endoplasm!
You can't see any susceptible monsters within range! (Use Z to cast anyway.)
There is a staircase leading out of the dungeon here.
You have escaped!

#.## #.# #. ...#
#.# #.####...###.
#.# #.##........
#.# #.........#
#.# #.........#
#.# #..⌠...⌠..#.#
#.# #....>......#
#.###....@....##
#.##.............
#.##.....∩.....##
#.....^.........#
#######........##
##.#.......
..###.#### #.# ##
#.#


There were no monsters in sight!

Vanquished Creatures
  4 endoplasms (D:1)
  A hobgoblin (D:1)
  2 ball pythons (D:1)
  A rat (D:1)
8 creatures vanquished.

Notes
Turn   | Place    | Note
-------+----------+-------------------------------------------
     0 | D:1      | browni3141 the Demonspawn Conjurer began the quest for the
                  | Orb.
     0 | D:1      | Reached XP level 1. HP: 13/13 MP: 3/3
    57 | D:1      | Found Niraese's Weapon Shoppe.
   229 | D:1      | Discovered your monstrous ancestry.
   229 | D:1      | Gained mutation: You have large cloven feet. [demonic
                  | ancestry]
   229 | D:1      | Reached XP level 2. HP: 19/19 MP: 1/5
   301 | D:$      | Got out of the dungeon alive.

Illustrated notes

Levels and vault maps discovered:
D:1:      wander_arrival_desolate, layout_loops_ring, serial_shops, shop

Skill      XL: |  1 |
---------------+----+-----
Stealth        | 2 |  2.0
Dodging        | 2 |  2.0
Spellcasting   | |  2.2
Conjurations   | |  4.1

Action                     || total
---------------------------++-------
  Melee: Unarmed           ||     4
   Cast: Magic Dart        ||    11
 Armour: Robe              ||     2
  Dodge: Dodged            ||     1
